 Dungeon Crawl Stone Soup version 0.30-a0-779-g7971cf19c3 (webtiles) character file.

Game seed: 16785438244598620649

12 oldriver the Shooter (level 2, 25/25 HPs)
             Began as a Meteoran Hunter on Feb 18, 2023.
             Got out of the dungeon alive.
             The game lasted 00:01:29 (343 turns).

oldriver the Shooter (Meteoran Hunter)               Turns: 343, Time: 00:01:30

Health: 25/25      AC:  3    Str: 12    XL:     2   Next: 64%
Magic:  3/3        EV: 12    Int: 10    God:
Gold:   12         SH:  0    Dex: 17    Spells: 1/1 levels left

rFire   . . .      SeeInvis .    a - +0 shortbow
rCold   . . .      Faith    .    (shield currently unavailable)
rNeg    . . .      Spirit   .    c - +0 leather armour
rPois   .          Reflect  .    (no helmet)
rElec   .          Harm     .    (no cloak)
rCorr   .          Rampage  .    (no gloves)
Will    .....                    (no boots)
Stlth   +                        (no amulet)
HPRegen 0.24/turn                (no ring)
MPRegen 0.08/turn                (no ring)

@: glowing
A: sense surroundings 1, otherworldly, glowing, explore regen
a: no special abilities


You escaped.
You visited 1 branch of the dungeon, and saw 1 of its levels.

You collected 12 gold pieces.

Inventory:

Hand Weapons
 a - a +0 shortbow (weapon)
 b - a +2 dagger of speed
 d - a +0 sling
Armour
 c - a +0 leather armour (worn)
Scrolls
 f - a scroll of immolation
 g - a scroll of teleportation
Potions
 e - a potion of invisibility
 i - a potion of curing {unknown}


   Skills:
 + Level 2.5 Fighting
 * Level 4.8 Ranged Weapons
 - Level 2.4 Dodging
 - Level 0.6 Stealth


You had one spell level left.
You didn't know any spells.
Your spell library was empty.

Dungeon Overview and Level Annotations

Branches:
Dungeon (1/15) Zot: 209

Altars:


Innate Abilities, Weirdness & Mutations

You passively map a small area around you.
You are easily found by Zot.
You glow in the dark.
You regain HP and MP as you explore.


Message History

What level of the Dungeon? (default 1, ? - help) You're already here!
You see here a dart slug corpse.
Things that are here:
a +0 club; a goblin skeleton
There is a staircase leading out of the dungeon here.
Found a stone staircase leading down.
A ball python comes into view.
The ball python hisses angrily.
Things that are here:
a scroll labelled ABEUTE LEWO; a scroll labelled FYRECO FEZANE You see here a scroll labelled ABEUTE LEWO.
g - a scroll labelled ABEUTE LEWO You shoot an arrow.
The arrow closely misses the ball python.
You shoot an arrow. The arrow hits the ball python.
You kill the ball python!
No target in view!
No target in view!
g - 2 scrolls labelled ABEUTE LEWO (gained 1)
h - a scroll labelled FYRECO FEZANE
As you read the scroll labelled ABEUTE LEWO, it crumbles to dust.
You feel strangely unstable.
It was a scroll of teleportation.
As you read the scroll labelled FYRECO FEZANE, it crumbles to dust.
It is a scroll of identify.
e - a potion of invisibility Your surroundings suddenly seem different.
Found a scroll labelled AJAUJI GEKINK and a red potion.
h - a scroll labelled AJAUJI GEKINK
i - a red potion The air fills with toxic fumes!
As you read the scroll labelled AJAUJI GEKINK, it crumbles to dust.
It was a scroll of poison.
You start waiting.
Done waiting.
There is a staircase leading out of the dungeon here.
Are you sure you want to leave the Dungeon?
This will make you lose the game!
Alright, then stay!
Are you sure you want to leave the Dungeon?
This will make you lose the game!
You have escaped!

,.######........###.#*
#
.....>..........#.###.
#######........#......
* ###......#...##..# *
, .........#.#..###.#*
, ,
*##......#...#..... ,
...#####.....#####. ,
###..#...........#.. ,
* ##..#....@....#..#
###..#.........#..#
##...#...........#..
#...#####.....#####.
*, #......#...#.....,
** ####.#..#.#..#### *
.##.###..##..#...#
..........##...#.#** ,
...........#####... ,


There were no monsters in sight!

Vanquished Creatures
  2 dart slugs (D:1)
  A hobgoblin (D:1)
  A quokka (D:1)
  A ball python (D:1)
  2 bats (D:1)
  A goblin (D:1)
  A kobold (D:1)
9 creatures vanquished.

Notes
Turn   | Place    | Note
-------+----------+-------------------------------------------
     0 | D:1      | oldriver the Meteoran Hunter began the quest for the Orb.
     0 | D:1      | Reached XP level 1. HP: 17/17 MP: 2/2
    40 | D:1      | Reached XP level 2. HP: 20/25 MP: 3/3
   343 | D:$      | Got out of the dungeon alive.

Illustrated notes

Levels and vault maps discovered:
D:1:      scummos_arrival_star, layout_loops_ring,
          chequers_serial_rivers_large_b

Action                     || total
---------------------------++-------
  Melee: Dagger            ||     7
   Fire: Shortbow          ||    21
    Use: Scroll            ||     3
 Armour: Leather armour    ||     7
  Dodge: Dodged            ||     7

Table legend: (Time is in decaauts)
 A = Elapsed time spent in this place.
 B = Non-inter-level travel time spent in this place.
 C = Inter-level travel time spent in this place.
 D = Time resting spent in this place.
 E = Time spent auto-exploring this place.
 F = Levels seen in this place.
 G = Mean time per level.
                   A        B        C        D        E       F      G
               +--------+--------+--------+--------+--------+-----+--------+
         Total |    390 |    317 |     73 |    100 |      0 |   1 |  390.0 |
       Dungeon |    390 |    317 |     73 |    100 |      0 |   1 |  390.0 |
               +--------+--------+--------+--------+--------+-----+--------+

Top non-repeatable levels by time:
     D:1: 390 daAuts
